Match 47095049
Unlisted

Match 47095049
End
Construct Infanterie Kompanie
Selects Luftwaffe Battlegroup
Selects Luftwaffe Pioneer Support
Fallschirmpioneer Squad Paradrop
MG 42 Machine Gun Team
Fallschirmpioneer Squad Paradrop
GrW 34 Mortar Team
Medical Station
Construct Luftwaffe Kompanie
Jäger Squad
Jäger Squad
AI Takeover
Sturmbock80
KG_HyperX
ionwood
petax9
DiscoStu
Romainokey_Des_Acres
2PeriodBlood7
Koowe
0
0

Comments sign in to comment!

No comments posted yet!